 Dungeon Crawl Stone Soup version 0.23.0 (webtiles) character file.

Game seed: 12119325204725655817

82 DildoBatman the Conjurer (level 4, -3/30 HPs)
             Began as a Formicid Wizard on Feb 12, 2019.
             Killed by nerve-wracking pain
             ... invoked by an orc priest
              (10 damage)
             ... on level 3 of the Dungeon.
             The game lasted 00:09:06 (2257 turns).

DildoBatman the Conjurer (Formicid Wizard)          Turns: 2257, Time: 00:09:07

Health: -3/30      AC:  2    Str: 12    XL:     4   Next: 70%
Magic:  8/8        EV: 12    Int: 18    God:
Gold:   135        SH:  0    Dex:  9    Spells: 2/9 levels left

rFire    . . .     SeeInvis +   a - +3 dagger
rCold    . . .     Gourm    .   (no shield)
rNeg     . . .     Faith    +   k - +0 robe
rPois    .         Spirit   .   (helmet unavailable)
rElec    .         Reflect  .   (no cloak)
rCorr    .         Harm     .   (no gloves)
MR       .....                  (no boots)
Stlth    +.........             e - amulet of faith
HPRegen  0.10/turn              j - ring of attention (curse)
MPRegen  0.11/turn              w - ring of wizardry

@: no status effects
A: permanent stasis, dig shafts and tunnels, four strong arms, antennae 3
a: Dig, Shaft Self


You were on level 3 of the Dungeon.
You were not hungry.

You visited 1 branch of the dungeon, and saw 3 of its levels.

You collected 135 gold pieces.

Inventory:

Hand Weapons
 a - a +3 dagger (weapon)
Missiles
 h - 14 sling bullets
 m - 87 stones (quivered)
Armour
 k - a +0 robe (worn)
Jewellery
 e - an amulet of faith (around neck)
 j - a cursed ring of attention (left hand)
 q - an uncursed ring of fire
 w - a ring of wizardry (right hand)
Scrolls
 d - a scroll of teleportation {unknown}
 f - a scroll of amnesia {unknown}
 g - a scroll of random uselessness {unknown}
 l - a scroll of magic mapping {unknown}
 o - a scroll of immolation {unknown}
 p - 2 scrolls of identify {unknown}
 s - a scroll of remove curse {unknown}
 t - a scroll of fog {unknown}
 x - a scroll of enchant weapon {unknown}
Potions
 b - a potion of mutation {unknown}
 c - 2 potions of ambrosia {unknown}
 i - 2 potions of curing {unknown}
 n - a potion of lignification {unknown}
 r - a potion of heal wounds {unknown}
 z - 2 potions of haste {unknown}
Comestibles
 u - 2 chunks of flesh
 v - 4 rations


   Skills:
 - Level 1.7 Dodging
 - Level 2.4 Stealth
 - Level 3.2 Spellcasting
 * Level 3.7 Conjurations
   Level 1.0 Summonings
   Level 0.8 Translocations


You had 2 spell levels left.
You knew the following spells:

 Your Spells              Type           Power        Failure   Level  Hunger
a - Conjure Flame         Conj/Fire      #.......     9%          3    ###....
c - Magic Dart            Conj           ###.         1%          1    None
e - Mephitic Cloud        Conj/Pois/Air  #.......     12%         3    ###....

Your spell library contained the following spells:

 Spells                   Type           Power        Failure   Level  Hunger
 Call Imp                 Summ           #.......     6%          2    ##.....
 Slow                     Hex            #.......     10%         2    ##.....
 Blink                    Tloc           Unusable     N/A         2    N/A

Dungeon Overview and Level Annotations

Branches:
Dungeon (3/15)

Altars:
Cheibriados
Elyvilon
Hepliaklqana
Qazlal
Ru
Trog
Uskayaw
Vehumet
Wu Jian
Xom
Zin

Annotations:
D:2 exclusions: door and worm


Innate Abilities, Weirdness & Mutations

You cannot be hasted, slowed, berserked, paralysed or teleported.
You can dig through walls and to a lower floor.
Your four strong arms can wield two-handed weapons with a shield.
You have a pair of large antennae on your head. (SInv)


Message History

There is a stone staircase leading up here.
The orc wizard casts a spell at you. The puff of flame misses you.
You climb upwards.
Level annotation: exclusions: door and worm
There is a stone staircase leading down here.
There is an open door here.
There is an open door here.
You see here a +0 club.
There is a stone staircase leading down here.
You climb downwards.
The orc shouts!
The orc priest shouts!
The orc priest calls down the wrath of Beogh upon you.
Beogh smites you!
There is a stone staircase leading up here.
The giant cockroach barely misses you.
The orc priest mumbles some strange prayers to Beogh against you.
Pain shoots through your body!
You die...

#.#...##>..##
###...........##
#..............#
#..............#
#..............###
##..#.....)....#..
###...##...##......#
.........†## ###..##
........@## #.o.######
......[s.## #{#{##....
..........######o#..#....
.........#o##o..{##...?..
.#####.##w)...######.$...
.. #o#...#### ##..... ...
##...### ##.#.... ...###
#..#.# ##.##....
......##<##.## ##.###....


You could see an orc priest, a dart slug, an orc and a giant cockroach.

Vanquished Creatures
  2 adders (D:2)
  2 worms
  A dart slug (D:2)
  3 leopard geckos
  3 orcs
  4 giant cockroaches
  8 goblins
  6 hobgoblins
  2 jackals (D:1)
  4 bats (D:2)
  4 frilled lizards
  6 kobolds
  4 rats
49 creatures vanquished.

Notes
Turn   | Place    | Note
-------+----------+-------------------------------------------
     0 | D:1      | DildoBatman the Formicid Wizard began the quest for the
                  | Orb.
     0 | D:1      | Reached XP level 1. HP: 13/13 MP: 4/4
    30 | D:1      | Reached skill level 1 in Conjurations
   267 | D:1      | Reached XP level 2. HP: 12/19 MP: 0/6
   686 | D:1      | Reached XP level 3. HP: 24/24 MP: 3/7
   691 | D:1      | Learned a level 3 spell: Conjure Flame
   695 | D:1      | Learned a level 3 spell: Mephitic Cloud
  1085 | D:2      | Found a snail-covered altar of Cheibriados.
  1112 | D:2      | Found an ornate altar of the Wu Jian Council.
  1115 | D:2      | Found a sacrificial altar of Ru.
  1137 | D:2      | Found a glowing silver altar of Zin.
  1137 | D:2      | Found a hazy altar of Hepliaklqana.
  1137 | D:2      | Found a shimmering altar of Xom.
  1139 | D:2      | Found a hide-covered altar of Uskayaw.
  1140 | D:2      | Found a white marble altar of Elyvilon.
  1142 | D:2      | Found a stormy altar of Qazlal.
  1572 | D:2      | Reached XP level 4. HP: 24/30 MP: 1/8
  1597 | D:2      | Found a bloodstained altar of Trog.
  2102 | D:3      | Found a radiant altar of Vehumet.
  2257 | D:3      | Killed from afar by an orc priest

Skill      XL: |  1  2  3 |
---------------+----------+-----
Conjurations   | 1 2 3 |  3.7
Dodging        | |  1.7
Stealth        | |  2.4
Spellcasting   | |  3.2
Summonings     | |  1.0
Translocations | |  0.8

Action                   |  1- 3 |  4- 6 || total
-------------------------+-------+-------++-------
Melee: Unarmed           |    21 |       ||    21
       Club              |     7 |       ||     7
       Short sword       |     5 |       ||     5
       Dagger            |    24 |    32 ||    56
 Cast: Magic Dart        |    57 |    28 ||    85
       Mephitic Cloud    |     5 |     3 ||     8
 Abil: Dig               |     5 |     3 ||     8
 Stab: Confused          |     3 |       ||     3
  Eat: Chunk             |     4 |     3 ||     7
Armor: Robe              |    21 |     4 ||    25
Dodge: Dodged            |    39 |    33 ||    72
